 Dungeon Crawl Stone Soup version 0.31-a0-662-g684573625c (webtiles) character file.

Game seed: 412411911085839605

565303 arthad the Slayer (level 26, -1/184 HPs)
             Began as a Gargoyle Fighter on Sept 1, 2023.
             Was the Champion of Okawaru.
             Killed from afar by Jusalel the pandemonium lord (27 damage)
             ... with a great icy blast
             ... in Pandemonium on Sept 2, 2023.
             The game lasted 02:09:30 (51263 turns).

arthad the Slayer (Gargoyle Fighter)               Turns: 51263, Time: 02:09:30

Health: -1/184     AC: 66    Str: 49    XL:     26   Next: 78%
Magic:  0/41       EV: 10    Int:  7    God:    Okawaru [******]
Gold:   2330       SH: 29    Dex:  7    Spells: 25/25 levels left

rFire   + + .        H - +7 consecrated labrys {holy, Valiant Fragile Fly SInv}
rCold   + . .        z - +10 tower shield of Ignorance {rN+ Int-4}
rNeg    + + +        s - +9 gold dragon scales "Naezup" {rPois rF+ rC+ Str+2}
rPois   ∞            I - +2 helmet
rElec   +            B - +2 cloak "Gotaom" {Str+6}
rCorr   +            N - +0 pair of gloves {Str+3}
SInv    +            O - +3 pair of seven-league boots {Rampage+∞}
Will    +....        m - amulet of Dofum {Spirit rN+} Stlth
                     p - ring of the Two Names {rF+ rN+ rCorr Str+6 Stlth+}
HPRegen 1.30/turn    w - ring of Cazel {Str+2 Slay+4}
MPRegen 0.27/turn

%: guardian spirit, rampage+∞
@: flying, studying Stealth
A: sickness immunity, AC +20, big wings, negative energy resistance 1,
electricity resistance, torment resistance 1, petrification resistance, clumsy
1, high MP 1, regeneration 1, no potion heal 1, inability to read after injury 1
}: 3/15 runes: barnacled, abyssal, gossamer
a: Renounce Religion, Heroism, Finesse, Duel


You were in Pandemonium.
You worshipped Okawaru.
Okawaru was exalted by your worship.
You visited 9 branches of the dungeon, and saw 42 of its levels.
You visited Pandemonium 1 time, and saw 2 of its levels.
You visited the Abyss 1 time.
You also visited: Ossuary, Bailey, Ice Cave and Desolation.

You collected 6023 gold pieces.
You spent 3693 gold pieces at shops.

Inventory:

Hand Weapons
 l - the +6 double sword of Xuciy {heavy, Will+ Int+4}
   (Okawaru gifted it to you in Pandemonium)

   Int+4:     It affects your intelligence (+4).
   Will+:     It increases your willpower.
 H - the +7 consecrated labrys (weapon) {holy, Valiant Fragile Fly SInv}
   (Okawaru gifted it to you on level 5 of the Lair of Beasts)

   Valiant:   It becomes more powerful as more dangerous foes come into view.
   SInv:      It lets you see invisible.
   Fly:       It grants you flight.
   Fragile:   It will be destroyed if unequipped.
Missiles
 f - 8 silver javelins
 E - 7 atropa-tipped darts
 M - 10 datura-tipped darts
 Q - 22 javelins (quivered)
Armour
 a - a +2 kite shield of reflection
 e - the +14 crystal plate armour of Ocujin {rElec Dex+3}
   (Okawaru gifted it to you on level 3 of the Vaults)

   Dex+3:     It affects your dexterity (+3).
   rElec:     It insulates you from electricity.
 r - a +1 tower shield of resistance
 s - the +9 gold dragon scales "Naezup" (worn) {rPois rF+ rC+ Str+2}
   (You bought it in a shop on level 2 of the Orcish Mines)

   Str+2:     It affects your strength (+2).
   rF+:       It protects you from fire.
   rC+:       It protects you from cold.
   rPois:     It protects you from poison
 t - the +8 plate armour of Syndicalism {-Tele Regen+ MP+9}
   (You found it on level 4 of the Dungeon)

   MP+9:      It affects your magic capacity (+9).
   -Tele:     It prevents most forms of teleportation.
   Regen+:    It increases your rate of health regeneration.
 z - the +10 tower shield of Ignorance (worn) {rN+ Int-4}
   (You found it on level 1 of the Orcish Mines)

   Int-4:     It affects your intelligence (-4).
   rN+:       It protects you from negative energy.
 B - the +2 cloak "Gotaom" (worn) {Str+6}
   (Okawaru gifted it to you on level 1 of the Vaults)

   Str+6:     It affects your strength (+6).
 I - a +2 helmet (worn)
 L - a scarf of resistance
 N - a +0 pair of gloves of strength (worn)
 O - the +3 pair of seven-league boots (worn) {Rampage+∞}
   (You found it on level 4 of the Spider Nest)

   Rampage+∞: When moving toward enemies, its wearer moves as far as possible,
   alerting their target en route.
Jewellery
 m - the amulet of Dofum (around neck) {Spirit rN+}
   (You found it on level 1 of the Orcish Mines)

   [amulet of guardian spirit]

   Spirit:    It causes incoming damage to be divided between your reserves of
   health and magic.
   rN+:       It protects you from negative energy.
 p - the ring of the Two Names (left hand) {rF+ rN+ rCorr Str+6 Stlth+}
   (You bought it in a shop on level 10 of the Dungeon)

   [ring of protection from fire]

   Str+6:     It affects your strength (+6).
   rF+:       It protects you from fire.
   rN+:       It protects you from negative energy.
   rCorr:     It protects you from acid and corrosion.
   Stlth+:    It makes you more stealthy.
 w - the ring of Cazel (right hand) {Str+2 Slay+4}
   (You found it in the Desolation of Salt)

   [ring of slaying]

   Str+2:     It affects your strength (+2).
   Slay+4:    It affects your accuracy & damage with ranged weapons and melee
   (+4).
 T - the ring of Ylicy {rElec rC+ rN+}
   (You took it off an imperial myrmidon in the Desolation of Salt)

   [ring of positive energy]

   rC+:       It protects you from cold.
   rElec:     It insulates you from electricity.
   rN+:       It protects you from negative energy.
Wands
 c - a wand of digging (25)
 y - a wand of iceblast (80)
 J - a wand of flame (79)
 R - a wand of mindburst (43)
 Z - a wand of quicksilver (8)
Scrolls
 h - 8 scrolls of immolation
 j - 5 scrolls of torment
 n - 9 scrolls of poison
 v - 5 scrolls of blinking
 x - 4 scrolls of revelation
 A - 2 scrolls of enchant weapon
 C - 13 scrolls of enchant armour
 K - 3 scrolls of brand weapon
 P - 5 scrolls of fog
 U - 2 scrolls of fear
 V - 8 scrolls of silence
 Y - 14 scrolls of teleportation
Potions
 d - 4 potions of might
 k - 10 potions of enlightenment
 o - 14 potions of curing
 q - 11 potions of haste
 u - 2 potions of resistance
 D - 3 potions of cancellation
 G - 4 potions of ambrosia
 S - 5 potions of mutation
 W - a potion of magic
 X - 3 potions of invisibility
Miscellaneous
 b - a condenser vane
 g - a phial of floods
 F - a lightning rod (4/4)


   Skills:
 * Level 23.9 Fighting
 * Level 20.5 Axes
 + Level 9.9 Throwing
 * Level 20.2 Armour
 - Level 7.1 Dodging
 - Level 12.3 Stealth
 * Level 19.8 Shields
 * Level 21.2 Invocations
 + Level 9.1 Evocations


You had 25 spell levels left.
You didn't know any spells.
Your spell library contained the following spells:

 Spells                   Type           Power      Damage    Failure   Level
 Apportation              Tloc           0%         N/A       95%         1
 Freeze                   Ice            0%         1d3       95%         1
 Kiss of Death            Conj/Necr      0%         2d5       95%         1
 Necrotise                Necr           0%         1d4       95%         1
 Shock                    Conj/Air       0%         1d3       95%         1
 Slow                     Hex            0%         N/A       95%         1
 Sting                    Tmut/Pois      0%         1d3       95%         1
 Blink                    Tloc           0%         N/A       98%         2
 Ensorcelled Hibernation  Hex/Ice        0%         N/A       98%         2
 Lesser Beckoning         Tloc           0%         N/A       98%         2
 Momentum Strike          Conj/Tloc      0%         3d8       98%         2
 Passwall                 Tmut/Erth      0%         N/A       98%         2
 Static Discharge         Conj/Air       0%         2-2/arc   98%         2
 Wereblood                Tmut           0%         N/A       98%         2
 Confusing Touch          Hex            0%         N/A       100%        3
 Frozen Ramparts          Ice            0%         1d1       100%        3
 Gell's Gravitas          Tloc           0%         N/A       100%        3
 Hailstorm                Conj/Ice       0%         3d3       100%        3
 Inner Flame              Hex/Fire       0%         N/A       100%        3
 Mephitic Cloud           Conj/Pois/Air  0%         N/A       100%        3
 Ozocubu's Armour         Ice            0%         N/A       100%        3
 Swiftness                Air            0%         N/A       100%        3
 Teleport Other           Tloc           0%         N/A       100%        3
 Vampiric Draining        Necr           0%         2d6       100%        3
 Volatile Blastmotes      Fire/Tloc      0%         2d10      100%        3
 Airstrike                Air            0%         2d(0-16)  100%        4
 Anguish                  Hex/Necr       0%         N/A       100%        4
 Cause Fear               Hex            0%         N/A       100%        4
 Dispel Undead            Necr           0%         3d6       100%        4
 Flame Wave               Conj/Fire      0%         2d4       100%        4
 Fulminant Prism          Conj/Hex       0%         3d5       100%        4
 Iskenderun's Mystic Bla  Conj/Tloc      0%         2d3       100%        4
 Manifold Assault         Tloc           0%         N/A       100%        4
 Olgreb's Toxic Radiance  Pois           0%         N/A       100%        4
 Passage of Golubria      Tloc           0%         N/A       100%        4
 Sticky Flame             Conj/Fire      0%         2d3       100%        4
 Vhi's Electric Charge    Tloc/Air       0%         N/A       100%        4
 Fireball                 Conj/Fire      0%         3d3       100%        5
 Iskenderun's Battlesphe  Conj           0%         2d6       100%        5
 Metabolic Englaciation   Hex/Ice        0%         N/A       100%        5
 Silence                  Hex/Air        0%         N/A       100%        5
 Yara's Violent Unravell  Hex/Tmut       0%         3d3       100%        5
 Dispersal                Tloc           0%         N/A       100%        6
 Leda's Unmaking          Conj/Erth      0%         9d1       100%        6
 Plasma Beam              Fire/Air       0%         2x1d10    100%        6
 Enfeeble                 Hex            0%         N/A       100%        7
 Ozocubu's Refrigeration  Ice            0%         4d7       100%        7
 Borgnjor's Revivificati  Necr           0%         N/A       100%        8
 Discord                  Hex            0%         N/A       100%        8
 Disjunction              Tloc           0%         N/A       100%        8
 Ignition                 Fire           0%         3d3       100%        8
 Chain Lightning          Conj/Air       0%         N/A       100%        9
 Death's Door             Necr           0%         N/A       100%        9
 Polar Vortex             Ice            0%         N/A       100%        9
 Summon Small Mammal      Summ           Unusable   N/A       N/A         1
 Sublimation of Blood     Necr           Unusable   N/A       N/A         2
 Tukima's Dance           Hex            Unusable   N/A       N/A         3
 Animate Armour           Summ/Erth      Unusable   N/A       N/A         4
 Summon Ice Beast         Ice/Summ       Unusable   N/A       N/A         4
 Summon Lightning Spire   Summ/Air       Unusable   N/A       N/A         4
 Summon Forest            Summ/Tloc      Unusable   N/A       N/A         5
 Summon Mana Viper        Hex/Summ       Unusable   N/A       N/A         5
 Death Channel            Necr           Unusable   N/A       N/A         6
 Simulacrum               Ice/Necr       Unusable   N/A       N/A         6
 Summon Cactus Giant      Summ           Unusable   N/A       N/A         6
 Haunt                    Necr/Summ      Unusable   N/A       N/A         7
 Monstrous Menagerie      Summ           Unusable   N/A       N/A         7
 Spellforged Servitor     Conj/Summ      Unusable   N/A       N/A         7
 Summon Hydra             Summ           Unusable   N/A       N/A         7

Dungeon Overview and Level Annotations

Branches:
Dungeon (15/15)            Temple (1/1) D:6            Lair (5/5) D:9
 Shoals (4/4) Lair:3       Spider (4/4) Lair:3        Slime (0/5) Lair:4
    Orc (2/2) D:11            Elf (3/3) Orc:2        Vaults (4/5) D:14
  Crypt (0/3) Vaults:3     Depths (4/4) D:15            Zot (0/5) Depths:4
Ossuary (visited)          Bailey (visited)           IceCv (visited)
Desolation (visited)

Altars:
Ashenzari
Cheibriados
Dithmenos
Elyvilon
Fedhas
Gozag
Hepliaklqana
Kikubaaqudgha
Makhleb
Nemelex Xobeh
Okawaru
Qazlal
Ru
Sif Muna
Trog
Uskayaw
Vehumet
Wu Jian
Xom
Yredelemnul
Zin
The Shining One
Jiyva

Shops:
D:7 !   D:10 =   D:13 *   D:14 (=!=:   Orc:2 =([*   Shoals:1 !   Vaults:1 =
Vaults:3 *

Portals:
Hell: Depths:1 Depths:2 Depths:3 Depths:4
Abyss: Depths:2 Depths:3
Pandemonium: Depths:1 Depths:2 Depths:4
Ziggurat: Depths:4

Annotations:
D:8 3 runed translucent doors, thirtiethelement's ghost, novice DsCA
D:9 2 runed translucent doors
D:11 3 runed translucent doors, Lysca's ghost, journeyman BaSu
Spider:1 2 transporters, exclusion: orange crystal statue


Innate Abilities, Weirdness & Mutations

You are immune to sickness and miasma.
Your stone body is resilient. (AC +20)
You are immune to poison.
Your large and strong wings let you fly.
You resist negative energy. (rN+)
You are resistant to electric shocks. (rElec)
You are resistant to unholy torment.
You are immune to petrification.
You are clumsy. (Dex -2)
You have an increased reservoir of magic. (+10% MP)
Your natural rate of healing is unusually fast.
Potions are less effective at restoring your health.
You occasionally lose the ability to read scrolls when taking damage.


Message History

You are engulfed in freezing vapours.
You resist.
The neqoxec shaped block of ice melts away.
Jusalel hits you but does no damage.
You hit Jusalel.
Jusalel convulses.
Jusalel is severely wounded.
You are engulfed in freezing vapours.
You resist. Jusalel barely misses you.
You closely miss Jusalel.
Jusalel is severely wounded.
You are engulfed in freezing vapours.
You resist. Jusalel gestures at you.
Jusalel conjures a mighty blast of ice!
The great icy blast engulfs you! You partially resist.
You are encased in ice.
You hear a chilling moan. x2
You slice Jusalel!!
Jusalel convulses.
Jusalel is almost dead.
You are engulfed in freezing vapours.
You resist. Jusalel gestures at you.
Jusalel conjures a mighty blast of ice!
The great icy blast engulfs you!! You partially resist.
* * * LOW HITPOINT WARNING * * *
Your system partially rejects the healing.
You feel much better.
You are engulfed in freezing vapours.
You resist. Jusalel hits you but does no damage. Jusalel gestures at you.
Jusalel conjures a mighty blast of ice!
The great icy blast engulfs you!!! You partially resist.
* * * LOW HITPOINT WARNING * * *
Your system partially rejects the healing.
You feel much better.
You are engulfed in freezing vapours.
You resist. The ice encasing you melts away. You block Jusalel's attack.
You hit Jusalel but do no damage.
Jusalel is almost dead.
You are engulfed in freezing vapours.
You resist.
* * * LOW HITPOINT WARNING * * *
Jusalel gestures at you.
Jusalel conjures a mighty blast of ice!
The great icy blast engulfs you!! You partially resist.
You die...

.. #......##..##.....
..##..........##..##.
..............##..##.
...☼°☼○§§##......##. ###
##○§.§☼☼##......##. ....
#○°○§§§##..##..##. .....
#°§§§§○##..##..##.
......#°§☼§§○##..##..##.
....[.○@§○§☼###..##.....
.....#&○.°§## #..##.....
#... ##○☼.## #..##..##.
.. ##...# #..##. ##...#
#..##. ##...# #..##.
....# #..##. .....
##.##. ##..##.


You could see Jusalel.

Vanquished Creatures
  An ancient lich (Abyss:3)
  A dread lich (Abyss:3)
  4 juggernauts
  Bai Suzhen (Spider:3)
  Frederick (Vaults:2)
  A caustic shrike (Depths:1)
  A shard shrike (IceCv)
  Margery (Depths:1)
  Saint Roka (Depths:1)
  A pandemonium lord (Pan)
  Nikola (Vaults:2)
  A profane servitor (Abyss:3)
  3 golden dragons
  Norris (Elf:3)
  2 bone dragons
  3 Tzitzimimeh (Pan)
  A hellephant (Abyss:3)
  The ghost of Liwna the Slayer, an adept DsGl of Wu Jian (Vaults:3)
  6 liches
  9 tentacled monstrosities
  Mlioglotl (Spider:3)
  2 walking crystal tomes
  Jorgrun (Spider:3)
  4 Hell Sentinels
  A walking divine tome (Depths:3)
  2 walking frostbound tomes (Depths:3)
  A quicksilver dragon (Depths:2)
  2 titans
  3 Executioners
  3 sphinxes
  Polyphemus (Shoals:3)
  3 deep elf blademasters
  A kraken (Shoals:2)
  22 tentacled starspawn
  4 storm dragons
  4 tengu reavers
  A shadow dragon (Depths:3)
  A revenant (Abyss:3)
  A demonspawn warmonger (Pan)
  A daeva (Shoals:4)
  6 frost giants
  12 fire giants
  3 imperial myrmidons (Desolation)
  7 deep elf sorcerers
  A draconian knight (Abyss:3)
  3 balrugs
  5 deep elf elementalists (Elf:3)
  3 iron dragons (Depths:2)
  13 vault wardens
  3 cacodemons
  A caustic shrike zombie (D:15)
  5 emperor scorpions
  8 ghost moths
  Louise (Elf:1)
  A broodmother (Spider:4)
  23 very ugly things
  4 orc warlords
  5 spriggan defenders
  A draconian annihilator (Depths:4)
  18 ironbound preservers
  2 war gargoyles
  The ghost of olmar the Earth Mage, a journeyman GrEE of Gozag (Elf:1)
  7 ironbound thunderhulks
  4 draconian stormcallers (Depths:4)
  A formless jellyfish (Vaults:1)
  A demonspawn blood saint (Pan)
  3 deep elf demonologists (Elf:3)
  A demonspawn corrupter (Pan)
  13 stone giants
  7 vampire knights
  A green draconian (Depths:4)
  A halazid warlock (Desolation)
  4 lorocyprocas
  A red draconian (Abyss:2)
  A yellow draconian (Depths:4)
  4 deep elf annihilators (Elf:3)
  14 spark wasps
  2 black draconians (Depths:4)
  A white draconian (IceCv)
  10 dire elephants
  11 deep elf death magi
  A blizzard demon (Pan)
  2 eidola
  2 green deaths
  2 crystal guardians (Desolation)
  11 ettins
  5 merfolk javelineers
  2 deep elf high priests (Elf:3)
  4 merfolk impalers
  5 ragged hierophants (Desolation)
  7 fire dragons
  7 entropy weavers
  Snorg (Lair:4)
  7 yaktaur captains
  A quicksilver dragon skeleton (Abyss:3)
  Josephine (D:11)
  4 servants of whispers (Desolation)
  2 hydras
  Fannar (Lair:2)
  6 great orbs of eyes
  5 ice dragons
  2 jorogumos
  An ogre mage (D:14)
  A hell beast (Pan)
  5 spriggan air magi
  9 vault guards
  3 alligator snapping turtles
  2 merfolk avatars (Shoals:3)
  6 rakshasas
  5 two-headed ogres
  A juggernaut simulacrum (Abyss:3)
  2 radroaches
  9 peacekeepers
  3 catoblepae
  7 boulder beetles
  3 death knights
  10 ironbound frosthearts
  23 dancing weapons
  5 merfolk aquamancers
  19 centaur warriors
  15 death yaks
  6 deep troll shamans
  8 hell hogs
  5 demonic crawlers
  10 deep troll earth magi
  10 tengu warriors
  3 orc high priests (Orc:2)
  24 thrashing horrors
  4 vampire magi
  6 spriggan berserkers
  The ghost of holysushi the Slicer, a journeyman VSMo of Wu Jian (Orc:1)
  12 deep elf knights
  22 hell knights
  8 soul eaters
  4 iron trolls
  13 sun demons
  14 skeletal warriors
  A fire crab (shapeshifter) (Depths:2)
  6 sixfirhies
  A salamander mystic (Depths:4)
  10 wretched stars
  11 pharaoh ants
  A sun moth (Spider:1)
  10 skysharks
  A spatial maelstrom (Abyss:3)
  6 orange crystal statues
  2 bunyip zombies (Abyss:2)
  5 orb spiders
  A shadow demon (Pan)
  13 sea snakes
  45 deep trolls
  48 starcursed masses (Abyss:3)
  4 flayed ghosts
  9 lindwurms
  Pikel (D:7)
  3 glowing orange brains
  40 deep elf pyromancers
  12 deep elf archers (Elf:3)
  15 ironbound convokers
  7 wizards
  7 necromancers
  15 orc knights
  28 deep elf zephyrmancers
  2 phantasmal warriors (Vaults:4)
  6 steelbarb worms
  18 harpies
  2 will-o-the-wisps (Abyss:3)
  3 salamanders (Depths:4)
  5 fauns
  5 orc sorcerers
  44 ugly things
  15 wolf spiders
  6 manticores
  10 merfolk sirens
  6 worldbinders
  A shining eye (Abyss:3)
  A frost giant zombie (D:15)
  8 cyclopes
  A moth of wrath (shapeshifter) (Depths:1)
  3 guardian serpents (Desolation)
  7 black mambas
  15 elephants (Lair:5)
  2 moths of wrath
  2 rust devils
  23 vault sentinels
  2 ice statues (D:14)
  3 torpor snails
  A black mamba (shapeshifter) (D:14)
  3 apocalypse crabs
  10 cane toads
  18 smoke demons
  3 water nymphs
  5 orange demons
  3 molten gargoyles
  2 gargoyles
  4 unseen horrors
  A dire elephant skeleton (Abyss:3)
  21 rime drakes
  44 large abominations
  11 komodo dragons
  A tormentor (Abyss:2)
  An ice devil (Depths:1)
  A freezing wraith (Abyss:2)
  5 efreet
  11 ancient zymes
  5 tengu conjurers
  A kobold demonologist (D:13)
  18 yaktaurs
  A red devil (Depths:1)
  8 trolls
  21 polar bears
  A queen bee (shapeshifter) (Abyss:3)
  14 hellwings
  A tarantella (shapeshifter) (Elf:1)
  20 tarantellas
  9 hornets
  3 wind drakes
  2 spriggan skeletons
  31 raiju
  42 saltlings (Desolation)
  39 merfolk
  13 blink frogs
  A blink frog (shapeshifter) (Abyss:2)
  5 dream sheep
  A spriggan zombie (D:15)
  25 jumping spiders
  26 slime creatures
  8 snapping turtles
  A centaur simulacrum (D:14)
  2 spriggans (Depths:3)
  2 air elementals (Elf:2)
  A jumping spider (shapeshifter) (Depths:2)
  5 wyverns
  8 wraiths
  15 water elementals
  19 culicivoras
  A vampire (D:11)
  11 ynoxinuls
  48 yaks
  2 basilisks
  6 fire bats
  5 golden eyes
  5 fire elementals
  8 neqoxecs
  63 redbacks
  6 vampire mosquitoes
  A steam dragon (Lair:1)
  A spatial vortex (Abyss:3)
  7 chaos spawn
  A harpy simulacrum (Abyss:3)
  14 water moccasins
  A naga (shapeshifter) (Depths:2)
  37 small abominations
  11 wargs
  34 orc warriors
  3 hell hounds (Abyss:3)
  A black bear (D:7)
  5 sky beasts
  An ettin simulacrum (Abyss:3)
  An ice beast (D:7)
  33 wolves
  11 ogres
  14 centaurs
  A boggart (Depths:4)
  2 phantoms
  3 kobold brigands
  16 bullfrogs
  2 gnoll sergeants
  6 scorpions
  4 earth elementals
  An elf skeleton (D:4)
  9 wights
  17 killer bees
  5 electric eels
  7 howler monkeys
  3 lava snakes (D:15)
  7 crimson imps (Abyss:3)
  2 iron imps
  2 hounds
  16 orc priests
  3 jellies
  2 sleepcaps
  7 iguanas
  14 orc wizards
  8 mummies (Ossuary)
  Robin (D:4)
  20 gnolls
  10 adders
  A shadow imp (Abyss:2)
  3 white imps
  4 ufetubi
  2 worms
  4 dart slugs
  85 orcs
  6 bats
  3 endoplasms (D:1)
  2 giant cockroaches
  3 gnoll zombies (Ossuary)
  9 hobgoblins
  5 jackals
  3 quokkas
  9 ball pythons
  3 frilled lizards
  15 goblins
  3 hobgoblin zombies (Ossuary)
  20 kobolds
  A kobold zombie (Ossuary)
  5 orc skeletons (D:4)
  An orc zombie (Ossuary)
  7 rats
  A butterfly (Lair:3)
  5 lurking horrors
  19 starspawn tentacles
  3 tentacles (Shoals:2)
2376 creatures vanquished.

Vanquished Creatures (others)
  2 deep elf master archers (Elf:3)
  A lorocyproca (Pan)
  A deep elf annihilator (Elf:3)
  A merfolk impaler (Shoals:2)
  3 deep elf knights
  A cherub (Shoals:4)
  A deep elf pyromancer (Elf:3)
  A guardian serpent (Desolation)
  A fire elemental (D:15)
  A ynoxinul (Pan)
  A neqoxec (Pan)
  2 foxfires (Abyss:3)
  4 lurking horrors
  44 starspawn tentacles
  4 tentacles (Shoals:2)
68 creatures vanquished.

Grand Total: 2444 creatures vanquished

Notes
Turn   | Place    | Note
-------+----------+-------------------------------------------
     0 | D:1      | arthad the Gargoyle Fighter began the quest for the Orb.
     0 | D:1      | Reached XP level 1. HP: 14/14 MP: 1/1
   190 | D:1      | Reached XP level 2. HP: 19/19 MP: 2/2
   304 | D:1      | Reached XP level 3. HP: 23/23 MP: 3/3
   545 | D:1      | Found a faded altar of an unknown god.
   979 | D:2      | Reached XP level 4. HP: 29/29 MP: 4/4
  1105 | D:2      | HP: 1/29 [gnoll/+0 whip (2)]
  1109 | D:2      | Reached skill level 4 in Fighting
  1386 | D:2      | Reached XP level 5. HP: 32/33 MP: 5/5
  2253 | D:4      | Identified the +8 plate armour of Syndicalism {-Tele Regen+
                  | MP+9}
  2408 | D:4      | Reached XP level 6. HP: 39/39 MP: 6/6
  2408 | D:4      | Found a sand-covered staircase.
  2416 | Ossuary  | Entered an ossuary
  2693 | D:4      | Noticed Robin
  2705 | D:4      | Killed Robin
  2838 | D:4      | Reached skill level 5 in Armour
  2845 | D:4      | Reached skill level 5 in Fighting
  2845 | D:4      | Reached skill level 5 in Shields
  2845 | D:4      | Reached XP level 7. HP: 40/44 MP: 7/7
  3157 | D:5      | Entered Level 5 of the Dungeon
  3305 | D:5      | Found a broken altar of Ashenzari.
  3305 | D:5      | Found an opulent altar of Gozag.
  3306 | D:5      | Found a sacrificial altar of Ru.
  3307 | D:5      | Found a white marble altar of Elyvilon.
  3396 | D:5      | Reached XP level 8. HP: 51/51 MP: 8/8
  3675 | D:5      | Reached skill level 6 in Fighting
  4437 | D:6      | Found a staircase to the Ecumenical Temple.
  4447 | Temple   | Entered the Ecumenical Temple
  4466 | Temple   | Became a worshipper of Warmaster Okawaru
  4845 | D:6      | Reached skill level 5 in Axes
  4963 | D:7      | Reached * piety under Okawaru
  5032 | D:7      | Noticed Pikel
  5039 | D:7      | Reached XP level 9. HP: 56/56 MP: 9/9
  5044 | D:7      | Reached skill level 7 in Fighting
  5054 | D:7      | Killed Pikel
  5251 | D:7      | Noticed a troll
  5297 | D:7      | Killed a troll
  5320 | D:7      | Reached ** piety under Okawaru
  5321 | D:7      | Reached skill level 8 in Fighting
  5360 | D:7      | Identified the +0 robe "Kowera" {Harm Will+ Str+4}
  5506 | D:7      | Found Wolob's Distillery.
  5517 | D:7      | Bought 2 potions of heal wounds for 130 gold pieces
  5517 | D:7      | Bought a potion of heal wounds for 65 gold pieces
  5517 | D:7      | Bought a potion of curing for 39 gold pieces
  5517 | D:7      | Bought a potion of might for 52 gold pieces
  5541 | D:8      | Found a runed translucent gate.
  5541 | D:8      | Found a runed translucent gate.
  5541 | D:8      | Found a runed translucent gate.
  5542 | D:8      | Noticed thirtiethelement's ghost (novice DsCA)
  5585 | D:8      | Reached XP level 10. HP: 64/64 MP: 10/10
  5595 | D:8      | Noticed a boulder beetle
  5626 | D:8      | Killed a boulder beetle
  5722 | D:8      | Reached *** piety under Okawaru
  5727 | D:8      | Found a flagged portal.
  5757 | Bailey   | Entered a bailey
  5876 | Bailey   | Noticed an orc knight
  5902 | Bailey   | Killed an orc knight
  5909 | Bailey   | Reached skill level 9 in Fighting
  6361 | D:8      | You fall into a shaft and drop 1 floor!
  6365 | D:9      | Found a staircase to the Lair.
  6368 | D:9      | Found a runed translucent door.
  6452 | D:9      | Reached **** piety under Okawaru
  6604 | D:9      | Found a runed translucent door.
  6890 | D:8      | Reached XP level 11. HP: 66/71 MP: 11/11
  7726 | D:10     | Entered Level 10 of the Dungeon
  7754 | D:10     | Found Vukkask's Jewellery Boutique.
  7766 | D:10     | Reached skill level 10 in Fighting
  7766 | D:10     | Reached skill level 10 in Armour
  7770 | D:10     | Reached skill level 10 in Shields
  7770 | D:10     | Reached ***** piety under Okawaru
  7958 | D:10     | Noticed a two-headed ogre
  7982 | D:10     | Killed a two-headed ogre
  7982 | D:10     | Identified the +6 scale mail of Lixtog {rF+ rC+} (Okawaru
                  | gifted it to you on level 10 of the Dungeon)
  7982 | D:10     | Received a gift from Okawaru
  8039 | D:10     | Paralysed by an orc wizard for 2 turns
  8044 | D:10     | Paralysed by an orc wizard for 5 turns
  8761 | D:11     | Noticed a two-headed ogre
  8945 | D:11     | Noticed a boulder beetle
  9000 | D:11     | Killed a boulder beetle
  9454 | D:11     | Killed a two-headed ogre
  9511 | D:11     | Found a staircase to the Orcish Mines.
  9561 | D:11     | Found a runed translucent gate.
  9562 | D:11     | Found a runed translucent gate.
  9562 | D:11     | Found a runed translucent gate.
  9568 | D:11     | Noticed Lysca's ghost (journeyman BaSu)
  9643 | D:11     | Noticed a two-headed ogre
  9654 | D:11     | Killed a two-headed ogre
  9655 | D:11     | Reached XP level 12. HP: 67/79 MP: 12/12
  9816 | D:11     | Reached skill level 11 in Fighting
  9911 | D:11     | Noticed Josephine
  9932 | D:11     | Killed Josephine
 11006 | D:12     | Received a gift from Okawaru
 11021 | D:12     | Reached ****** piety under Okawaru
 11303 | D:13     | Noticed a tengu warrior
 11344 | D:13     | Killed a tengu warrior
 11450 | D:13     | Noticed a boulder beetle
 11467 | D:13     | Killed a boulder beetle
 11618 | D:13     | Noticed a boulder beetle
 11618 | D:13     | Noticed a boulder beetle
 11684 | D:13     | Killed a boulder beetle
 11695 | D:13     | Killed a boulder beetle
 11696 | D:13     | Reached skill level 12 in Fighting
 11753 | D:13     | Got the Excursus on Rot and the Welkin
 11766 | D:13     | Noticed a centaur warrior
 11781 | D:13     | Killed a centaur warrior
 11782 | D:13     | Reached skill level 10 in Axes
 12069 | D:13     | Found Guumo's Assorted Antiques.
 12098 | D:13     | Bought 3 scrolls labelled LEIKHA DO REHO for 72 gold pieces
 12098 | D:13     | Bought a potion of heal wounds for 120 gold pieces
 12098 | D:13     | Bought an ivory ring for 120 gold pieces
 12163 | D:13     | Reached XP level 13. HP: 82/86 MP: 13/13
 12346 | D:14     | Found Lonopn's Distillery.
 12346 | D:14     | Found a frozen archway.
 12357 | IceCv    | Entered an ice cave
 12374 | IceCv    | Reached skill level 1 in Invocations
 12383 | IceCv    | HP: 4/87 [polar bear (3)]
 12560 | IceCv    | Noticed an ice dragon
 12596 | IceCv    | Received a gift from Okawaru
 12885 | IceCv    | Identified the ring of Curhemp {Fire rElec MP-9 Int+10
                  | Stlth+}
 13278 | IceCv    | Reached skill level 13 in Fighting
 13553 | IceCv    | Noticed a white draconian
 13582 | IceCv    | Killed a white draconian
 13583 | IceCv    | Reached skill level 5 in Invocations
 13728 | IceCv    | Noticed a shard shrike
 13808 | IceCv    | Killed a shard shrike
 13809 | IceCv    | Gained mutation: Your large and strong wings let you fly.
                  | [Gargoyle growth]
 13809 | IceCv    | Reached XP level 14. HP: 34/94 MP: 8/18
 13976 | IceCv    | Received a gift from Okawaru
 14024 | IceCv    | Identified the ring of Jozxal {Ice rPois Int+3}
 14640 | D:14     | Reached skill level 14 in Fighting
 15005 | D:14     | Found Goteoczo's Weapon Emporium.
 15029 | D:14     | Found Fefesmug's Jewellery Shoppe.
 15172 | D:14     | Received a gift from Okawaru
 15181 | D:14     | Noticed an ironbound preserver
 15185 | D:14     | Found a gate to the Vaults.
 15199 | D:14     | Killed an ironbound preserver
 15319 | D:14     | Found Lipaenes's Book Emporium.
 15386 | D:14     | Found Tunk's Jewellery Emporium.
 15763 | D:15     | Entered Level 15 of the Dungeon
 16154 | D:15     | Found a staircase to the Depths.
 16167 | D:15     | Reached XP level 15. HP: 98/101 MP: 21/21
 17056 | Lair:1   | Entered Level 1 of the Lair of Beasts
 17273 | Lair:1   | Reached skill level 15 in Fighting
 17276 | Lair:1   | Received a gift from Okawaru
 18441 | Lair:2   | Noticed Fannar
 18453 | Lair:2   | Killed Fannar
 18973 | Lair:3   | Found a hole to the Spider Nest.
 19036 | Lair:3   | Identified the +0 hat "Ydwah" {Drain rElec Dex+7} (Okawaru
                  | gifted it to you on level 3 of the Lair of Beasts)
 19036 | Lair:3   | Received a gift from Okawaru
 19479 | Lair:3   | Found a staircase to the Shoals.
 19940 | Lair:4   | Found a viscous altar of Jiyva.
 19941 | Lair:4   | Found a staircase to the Slime Pits.
 19941 | Lair:4   | Noticed Snorg
 19960 | Lair:4   | Killed Snorg
 20206 | Lair:4   | Reached skill level 10 in Invocations
 20522 | Lair:5   | Entered Level 5 of the Lair of Beasts
 20625 | Lair:5   | Reached XP level 16. HP: 110/110 MP: 23/23
 20884 | Lair:5   | Reached skill level 16 in Fighting
 21045 | Lair:5   | Received a gift from Okawaru
 21046 | Lair:5   | Found the +4 consecrated labrys {holy, Valiant Fragile Fly
                  | SInv}
 21613 | Orc:1    | Entered Level 1 of the Orcish Mines
 21614 | Orc:1    | Found a transporter.
 21892 | Orc:1    | Found a transporter.
 21898 | Orc:1    | Noticed holysushi's ghost (journeyman VSMo)
 22021 | Orc:1    | Killed holysushi's ghost
 22029 | Orc:1    | Identified the amulet of Dofum {Spirit rN+}
 22064 | Orc:2    | Entered Level 2 of the Orcish Mines
 22075 | Orc:2    | Found Koecuen's Antique Weapon Shop.
 22230 | Orc:2    | Found Fudim's Antique Armour Shoppe.
 22241 | Orc:2    | Identified the +2 chain mail "Oroufo" {Fly rF+} (Okawaru
                  | gifted it to you on level 2 of the Orcish Mines)
 22241 | Orc:2    | Received a gift from Okawaru
 22332 | Orc:2    | Found a staircase to the Elven Halls.
 22365 | Orc:2    | Found Yhokhie's General Store.
 22397 | Orc:2    | Found a burning altar of Makhleb.
 22507 | Orc:2    | Found Aloqir's Jewellery Boutique.
 22897 | Orc:1    | Found a runed translucent door.
 22904 | Orc:1    | Found the +10 tower shield of Ignorance {rN+ Int-4}
 22920 | Orc:1    | Found a runed translucent door.
 23162 | Orc:1    | Lost intelligence.
 23500 | Orc:2    | Gained mutation: You are robust. (+10% HP) [potion of
                  | mutation]
 23500 | Orc:2    | Gained mutation: You are clumsy. (Dex -2) [potion of
                  | mutation]
 23500 | Orc:2    | Lost mutation: You are clumsy. (Dex -2) [potion of
                  | mutation]
 23501 | Orc:2    | Lost mutation: You are robust. (+10% HP) [potion of
                  | mutation]
 23501 | Orc:2    | Gained mutation: You have an increased reservoir of magic.
                  | (+10% MP) [potion of mutation]
 23501 | Orc:2    | Gained mutation: You have large cloven feet. [potion of
                  | mutation]
 23701 | Shoals:1 | Entered Level 1 of the Shoals
 23971 | Shoals:1 | Found Nolioj Wiy's Distillery.
 24528 | Shoals:2 | Reached XP level 17. HP: 116/116 MP: 28/28
 24564 | Shoals:2 | Reached skill level 17 in Fighting
 24740 | Shoals:2 | Identified the +1 rapier of Aliugin {flame, Str+2 Int+2}
                  | (Okawaru gifted it to you on level 2 of the Shoals)
 24740 | Shoals:2 | Received a gift from Okawaru
 24760 | Shoals:2 | Noticed a kraken
 24767 | Shoals:2 | Killed a kraken
 25077 | Shoals:2 | Reached skill level 15 in Armour
 25637 | Shoals:3 | Noticed Polyphemus
 25793 | Shoals:3 | Killed Polyphemus
 26064 | Shoals:3 | Identified the +3 broad axe of Karma {drain, Contam rElec
                  | Will+ Str+3} (Okawaru gifted it to you on level 3 of the
                  | Shoals)
 26064 | Shoals:3 | Received a gift from Okawaru
 26078 | Shoals:3 | Reached skill level 15 in Shields
 26652 | Shoals:4 | Entered Level 4 of the Shoals
 26748 | Shoals:4 | Reached skill level 15 in Axes
 26839 | Shoals:4 | Found a glowing silver altar of Zin.
 26843 | Shoals:4 | Identified the +3 tower shield of the Cobbler {rN++ rCorr
                  | Dex-3}
 26891 | Shoals:4 | Got a barnacled rune of Zot
 27035 | Shoals:4 | Reached XP level 18. HP: 124/124 MP: 31/31
 27279 | Spider:1 | Entered Level 1 of the Spider Nest
 27288 | Spider:1 | Reached skill level 18 in Fighting
 27309 | Spider:1 | Identified the +7 hand crossbow "Ongaceinod" {freeze, rPois
                  | rC+ Dex-4} (Okawaru gifted it to you on level 1 of the
                  | Spider Nest)
 27309 | Spider:1 | Received a gift from Okawaru
 27384 | Spider:1 | Identified the +0 trident of Etewkox {freeze, Str-5 Int+5}
 27388 | Spider:1 | Found a transporter.
 27394 | Spider:1 | Identified the +0 leather armour of the Game of Kings
                  | {Will+}
 27703 | Spider:1 | Found a transporter.
 28168 | Spider:2 | Identified the +5 war axe of Hotudiec {heavy, *Rage rElec
                  | rPois}
 28643 | Spider:3 | Identified the +1 cloak of Radeh {rN+ Will++ MP+9 Int-5}
                  | (Okawaru gifted it to you on level 3 of the Spider Nest)
 28643 | Spider:3 | Received a gift from Okawaru
 28768 | Spider:3 | Noticed Jorgrun
 28773 | Spider:3 | Noticed Bai Suzhen
 28788 | Spider:3 | Killed Jorgrun
 28799 | Spider:3 | Killed Bai Suzhen
 29477 | Spider:3 | Noticed Mlioglotl
 29481 | Spider:3 | Killed Mlioglotl
 29626 | Spider:3 | Identified the +0 long sword "Goodghua" {freeze, Dex+6}
 30059 | Spider:4 | Entered Level 4 of the Spider Nest
 30591 | Spider:4 | Received a gift from Okawaru
 30788 | Spider:4 | Reached XP level 19. HP: 132/132 MP: 33/33
 30792 | Spider:4 | Reached skill level 15 in Invocations
 30910 | Spider:4 | Reached skill level 19 in Fighting
 31630 | Spider:4 | Identified the +1 robe of Okawaru's Delight {Harm Dex+3
                  | SInv} (Okawaru gifted it to you on level 4 of the Spider
                  | Nest)
 31630 | Spider:4 | Received a gift from Okawaru
 31668 | Spider:4 | Found the +3 pair of seven-league boots {Rampage+∞}
 32141 | Elf:1    | Entered Level 1 of the Elven Halls
 32167 | Elf:1    | Noticed Louise
 32195 | Elf:1    | Killed Louise
 32222 | Elf:1    | Reached skill level 1 in Stealth
 32326 | Elf:1    | Reached skill level 1 in Throwing
 32343 | Elf:1    | Reached skill level 1 in Dodging
 32459 | Elf:1    | Found a runed translucent door.
 32459 | Elf:1    | Noticed olmar's ghost (journeyman GrEE)
 32749 | Elf:1    | Got Vehumet's Catalogue of Battling
 32889 | Elf:1    | Killed olmar's ghost
 32936 | Elf:2    | Paralysed by an air elemental for 1 turns
 33478 | Elf:2    | Found a huge runed translucent gate.
 33478 | Elf:2    | Found a huge runed translucent gate.
 33478 | Elf:2    | Found a huge runed translucent gate.
 33478 | Elf:2    | Found a huge runed translucent gate.
 33480 | Elf:2    | Found a huge runed translucent gate.
 33539 | Elf:2    | Received a gift from Okawaru
 34055 | Elf:3    | Entered Level 3 of the Elven Halls
 34117 | Elf:3    | Reached XP level 20. HP: 140/140 MP: 35/35
 34143 | Elf:3    | Reached skill level 5 in Stealth
 34210 | Elf:3    | Noticed Norris
 34238 | Elf:3    | Killed Norris
 34760 | Elf:3    | Received a gift from Okawaru
 34839 | Elf:3    | Identified the +9 battleaxe "Elunug" {drain, Contam Int+2
                  | Stlth+} (Okawaru gifted it to you on level 3 of the Elven
                  | Halls)
 34839 | Elf:3    | Received a gift from Okawaru
 34843 | Elf:3    | Reached skill level 1 in Evocations
 34991 | Elf:3    | Identified the +5 morningstar of the Two Names {chaos,
                  | rCorr Int+4 Dex+2}
 35260 | Elf:3    | Reached skill level 20 in Fighting
 35331 | Elf:3    | Identified the +8 trident "Bung" {freeze, rF+++ Will- Int+3
                  | Stlth+}
 35331 | Elf:3    | Identified the staff of Unpleasantness {rF++ rC+ Will- Ice}
 35405 | Elf:3    | Identified the +1 leather armour "Giebi Maur" {rF+ Regen+
                  | SInv}
 35443 | Elf:3    | Identified the +2 leather armour of Ru's Approval {Contam
                  | rElec rC+}
 35557 | Elf:3    | Got the Volume of the Shift and Breath
 35564 | Elf:3    | Got Rewekhlykaw's Encyclopedia of Space and the Entourage
 35893 | Vaults:1 | Entered Level 1 of the Vaults
 35973 | Vaults:1 | Identified the +2 cloak "Gotaom" {Str+6} (Okawaru gifted it
                  | to you on level 1 of the Vaults)
 35973 | Vaults:1 | Received a gift from Okawaru
 36298 | Vaults:1 | Reached XP level 21. HP: 139/146 MP: 36/36
 36494 | Vaults:1 | Found Wocic's Jewellery Boutique.
 36530 | Vaults:1 | Identified the +9 arbalest "Newtbane" {penet, Str+3 SInv}
 36538 | Vaults:1 | Identified the +9 arbalest "Veul" {penet, Int+2}
 36739 | Vaults:1 | Received a gift from Okawaru
 37479 | Vaults:2 | Found a crumbling gateway.
 37488 | Desolati | Entered the Desolation of Salt
 37547 | Desolati | Received a gift from Okawaru
 37597 | Desolati | Identified the +9 battleaxe "Wauvvac" {freeze, Fly rPois
                  | Dex+2 Stlth+}
 37640 | Desolati | Reached skill level 5 in Throwing
 37779 | Desolati | Received a gift from Okawaru
 37818 | Desolati | Got Cigotuvi's Meditations on Transmuted Bodies
 37842 | Desolati | Identified the +0 scale mail of the Rotten God {rElec}
 37845 | Desolati | Identified the +1 glaive "Tevailig" {elec, rN+++ Dex+4
                  | Stlth-}
 37845 | Desolati | Identified the ring of Ylicy {rElec rC+ rN+}
 37949 | Desolati | Received a gift from Okawaru
 37962 | Desolati | Identified the +2 robe of Immorality {rN+ Str+3 Slay+2}
 38020 | Desolati | Identified the +0 ring mail "Patto" {Rampage rPois Int-5
                  | Slay+5}
 38022 | Desolati | Identified the ring of Cazel {Str+2 Slay+4}
 38199 | Vaults:2 | Reached skill level 10 in Stealth
 38220 | Vaults:2 | Noticed Frederick
 38236 | Vaults:2 | Killed Frederick
 38256 | Vaults:2 | Reached XP level 22. HP: 91/153 MP: 30/38
 38592 | Vaults:2 | Noticed Nikola
 38606 | Vaults:2 | Killed Nikola
 39556 | Vaults:3 | Identified the +14 crystal plate armour of Ocujin {rElec
                  | Dex+3} (Okawaru gifted it to you on level 3 of the Vaults)
 39556 | Vaults:3 | Received a gift from Okawaru
 39557 | Vaults:3 | Reached skill level 21 in Fighting
 39563 | Vaults:3 | Reached skill level 5 in Dodging
 39616 | Vaults:3 | Found a runed translucent door.
 39616 | Vaults:3 | Noticed Liwna's ghost (adept DsGl)
 39634 | Vaults:3 | Found Fiutres's General Store.
 39982 | Vaults:3 | Found a staircase to the Crypt.
 40473 | Vaults:3 | Killed Liwna's ghost
 40595 | Abyss:2  | Found a corrupted altar of Lugonu.
 40595 | Abyss:2  | Cast into level 2 of the Abyss (a wizard)
 41041 | Abyss:2  | Reached skill level 5 in Evocations
 41103 | Abyss:2  | Found a corrupted altar of Lugonu.
 41152 | Abyss:2  | Received a gift from Okawaru
 41350 | Abyss:2  | Found a corrupted altar of Lugonu.
 41710 | Abyss:3  | Reached XP level 23. HP: 144/160 MP: 39/39
 41783 | Abyss:3  | Received a gift from Okawaru
 41807 | Abyss:3  | Received a gift from Okawaru
 41827 | Abyss:3  | Gained mutation: You occasionally lose the ability to read
                  | scrolls when taking damage. [a neqoxec]
 41968 | Abyss:3  | Found a corrupted altar of Lugonu.
 41990 | Abyss:3  | Found a corrupted altar of Lugonu.
 41999 | Abyss:3  | Noticed a dread lich
 42004 | Abyss:3  | Killed a dread lich
 42052 | Abyss:3  | Gained mutation: You sometimes lose your temper in combat.
                  | [a neqoxec]
 42054 | Abyss:3  | Gained mutation: You are dopey. (Int -2) [a neqoxec]
 42055 | Abyss:3  | Gained mutation: You are clumsy. (Dex -2) [a neqoxec]
 42149 | Abyss:3  | Identified the +0 spear of Inquiry {venom, rElec rC- SInv}
 42454 | Abyss:3  | Received a gift from Okawaru
 42539 | Abyss:3  | Noticed an ancient lich
 42545 | Abyss:3  | Killed an ancient lich
 42545 | Abyss:3  | Identified the +6 chain mail of Deppor Ucke {Will+ Dex+2}
                  | (Okawaru gifted it to you on level 3 of the Abyss)
 42545 | Abyss:3  | Received a gift from Okawaru
 42853 | Abyss:3  | Reached skill level 22 in Fighting
 43032 | Abyss:3  | Reached XP level 24. HP: 157/168 MP: 40/40
 43173 | Abyss:3  | Got an abyssal rune of Zot
 43183 | Abyss:3  | Paralysed by accursed screaming for 1 turns
 43225 | Vaults:4 | Escaped the Abyss
 43594 | Orc:2    | Bought amethyst-encrusted gold dragon scales for 2295 gold
                  | pieces
 43594 | Orc:2    | Identified the +9 gold dragon scales "Naezup" {rPois rF+
                  | rC+ Str+2} (You bought it in a shop on level 2 of the
                  | Orcish Mines)
 43676 | D:10     | Bought the ring of the Two Names {rF+ rN+ rCorr Str+6
                  | Stlth+} for 800 gold pieces
 43872 | Vaults:2 | Lost mutation: You have large cloven feet. [potion of
                  | mutation]
 43872 | Vaults:2 | Lost mutation: You are dopey. (Int -2) [potion of mutation]
 43872 | Vaults:2 | Gained mutation: Your natural rate of healing is unusually
                  | fast. [potion of mutation]
 43872 | Vaults:2 | Lost mutation: You sometimes lose your temper in combat.
                  | [potion of mutation]
 43949 | Vaults:4 | Received a gift from Okawaru
 44106 | Vaults:4 | Received a gift from Okawaru
 44586 | Vaults:4 | Paralysed by a great orb of eyes for 5 turns
 44594 | Vaults:4 | HP: 2/169 [ironbound thunderhulk/bolt of lightning (9)]
 45377 | Spider:4 | Got a gossamer rune of Zot
 45741 | Depths:1 | Entered Level 1 of the Depths
 45810 | Depths:1 | Identified the +7 orcbow "Arcanum" {elec, Fly rElec}
 45942 | Depths:1 | Found a one-way gate leading to the halls of Pandemonium.
 46046 | Depths:1 | Found a gateway to Hell.
 46046 | Depths:1 | Noticed Margery
 46067 | Depths:1 | Killed Margery
 46074 | Depths:1 | Found a shimmering altar of Xom.
 46207 | Depths:1 | Noticed Saint Roka
 46222 | Depths:1 | Killed Saint Roka
 46613 | Depths:1 | Received a gift from Okawaru
 46650 | Depths:1 | Noticed a juggernaut
 46665 | Depths:1 | Killed a juggernaut
 46666 | Depths:1 | Reached XP level 25. HP: 175/175 MP: 40/40
 46677 | Depths:1 | Identified the +3 glaive "Bedoy" {heavy, rCorr Dex+4}
 46797 | Depths:1 | Identified the +1 robe "Quutz" {Rampage Int+3} (Okawaru
                  | gifted it to you on level 1 of the Depths)
 46797 | Depths:1 | Received a gift from Okawaru
 47147 | Depths:2 | Found a one-way gate to the infinite horrors of the Abyss.
 47359 | Depths:2 | Reached skill level 23 in Fighting
 47413 | Depths:2 | Identified the +8 scimitar of Tueczuacea {holy, MP-9 Dex+4
                  | SInv}
 47413 | Depths:2 | Identified the +1 hand axe of Undoing {speed, *Slow rF++
                  | Will++}
 47568 | Depths:2 | Identified the +5 executioner's axe of Jihiced {speed,
                  | Int+4} (Okawaru gifted it to you on level 2 of the Depths)
 47568 | Depths:2 | Received a gift from Okawaru
 48106 | Depths:3 | Noticed a juggernaut
 48114 | Depths:3 | Identified the +0 leather armour of Barnacled the Good {Fly
                  | Str+3 Slay-6 SInv}
 48233 | Depths:3 | Killed a juggernaut
 48244 | Depths:3 | Received a gift from Okawaru
 48264 | Depths:3 | Identified the +5 hand axe of Terrible Conscience {spect,
                  | rN+ Int+3} (Okawaru gifted it to you on level 3 of the
                  | Depths)
 48264 | Depths:3 | Received a gift from Okawaru
 48384 | Depths:3 | Reached XP level 26. HP: 131/183 MP: 26/41
 48556 | Depths:3 | Identified the +0 pair of boots of Paf Elurph {+Blink rC++
                  | Str+4 Int-3}
 48894 | Depths:3 | Received a gift from Okawaru
 49022 | Depths:3 | Identified the +0 scale mail of Keamm {rPois Stlth+}
 49269 | Depths:4 | Entered Level 4 of the Depths
 49338 | Depths:4 | Found a gate to the Realm of Zot.
 49360 | Depths:4 | Received a gift from Okawaru
 49628 | Depths:4 | Found a one-way gateway to a ziggurat.
 49980 | Depths:4 | Noticed a juggernaut
 49991 | Depths:4 | Killed a juggernaut
 50219 | Depths:4 | Identified the +8 spear of the Depths {protect, Will+}
 50224 | Depths:4 | Noticed a juggernaut
 50228 | Depths:4 | Received a gift from Okawaru
 50237 | Depths:4 | Killed a juggernaut
 50318 | Pan      | Entered Pandemonium
 50405 | Pan      | Identified the +6 double sword of Xuciy {heavy, Will+
                  | Int+4} (Okawaru gifted it to you in Pandemonium)
 50405 | Pan      | Received a gift from Okawaru
 50494 | Pan      | Noticed Xuivin the pandemonium lord
 50503 | Pan      | Killed Xuivin the pandemonium lord
 50858 | Pan      | Gained mutation: Potions are less effective at restoring
                  | your health. [a cacodemon]
 51243 | Pan      | Noticed Jusalel the pandemonium lord
 51263 | Pan      | Killed from afar by Jusalel the pandemonium lord

Illustrated notes

Levels and vault maps discovered:
D:1:      minmay_arrival_shattered_statue, layout_basic, basic_ecumenical_altar
D:2:      layout_basic
D:3:      layout_rooms
D:4:      layout_basic, nicolae_ossuary_entry_catacombs, minmay_checkerbox,
          uniq_robin
D:5:      layout_layer_cave, minitemple, kennysheep_generic_room_5
D:6:      layout_loops_cross, minmay_temple_entry_drinking_statues
D:7:      layout_rooms, serial_shops, nicolae_shop_stone, minmay_joined_circles,
          uniq_pikel
D:8:      layout_basic, enter_bailey_3, ebering_ghost_rock_garden,
          minmay_circle_x
D:9:      cheibrodos_histonic, layout_irregular_city, lair_entry_dummy
D:10:     layout_big_octagon, serial_shops, nicolae_shop_tiny_real_fake_doors
D:11:     layout_stronghold, david_orc_4, gammafunk_ghost_nasty_kobolds,
          minmay_rotating_lava, uniq_josephine
D:12:     layout_gridville, serial_bayou_lagoon_b
D:13:     layout_roguey, serial_shops, nicolae_shop_dealshenge
D:14:     layout_cave_pools, skrybe_vaults_entry_preservation, serial_shops,
          shop, shop, shop, nicolae_shop_bloodbath_and_beyond, shop_fountains,
          portal_ice_cave_entry_ice_statue_two, kennysheep_doodads,
          minmay_crystal_room
D:15:     gammafunk_depths_entry_grave, layout_basic, drop_trap
Temple:   mainiacjoe_temple_bowtie_tessellation
Lair:1:   layout_loops_ring, grunt_megastairs_3
Lair:2:   hellmonk_destroyed_diamonds, layout_gridlike,
          infiniplex_staircase_pool_2, uniq_fannar
Lair:3:   layout_cellular_growth, shoals_dummy_entry, spider_nest_entry_a,
          st_stairs_8, lemuel_fruit_fields, grunt_megastairs_4
Lair:4:   layout_roguey, minmay_slime_entry_pillars, uniq_snorg
Lair:5:   grunt_lair_end_beastmaster, layout_misc_corridors, grunt_megastairs_2
Shoals:1: nicolae_shoals_aurelia_aurita, layout_shoals, serial_shops, shop
Shoals:2: layout_shoals
Shoals:3: layout_shoals, nicolae_shoals_flooded_hall, uniq_polyphemus
Shoals:4: shoals_end_hellmonk_holy_island
Spider:1: gammafunk_sealed_arena
Spider:2: layout_spider_delve, hangedman_spider_tarantella_strand
Spider:3: layout_chambers, uniq_bai_suzhen, uniq_mlioglotl, uniq_jorgrun
Spider:4: spider_rune_water, drop_trap, hive_lemuel
Orc:1:    layout_caves, gammafunk_ghost_berserking_beasts,
          chequers_guarded_unrand_ignorance
Orc:2:    grunt_orc_gardens, layout_caves, grunt_orc_garden, grunt_orc_garden,
          grunt_orc_garden, grunt_orc_garden, bloody_makhleb
Elf:1:    eino_elf_arrival_shootout, layout_geoelf_octagon,
          hellmonk_ghost_happy_afterlife, minmay_elf_sorcery,
          serial_sigils_hangedman_shear, uniq_louise
Elf:2:    elven_hall_of_blades_hangedman_alternative
          [nooodl_blade_entry_preview], layout_loops_cross
Elf:3:    elf_hall, layout_gridlike, hangedman_corner_corridor, uniq_norris
Vaults:1: hangedman_vaults_corner_blocks, hangedman_vaults_cutoff,
          nicolae_vaults_asterisk, nicolae_vaults_heart-shaped_vault,
          nicolae_vaults_tetromino_L_2, v_pattern_5,
          nicolae_vaults_whirlpool_walls, nicolae_vaults_trapezoid_lopsided_1,
          nicolae_vaults_yaktaur_gun_rack, ontoclasm_vaults_loading_screen,
          vaults_room_corners, nicolae_vaults_cochlea,
          nicolae_vaults_angled_halls, vaults_room_grunt_arrival_ludios,
          nicolae_vaults_tetromino_T_2, nicolae_vaults_apartment_1,
          layout_vaults_omnicross, serial_shops, shop
Vaults:2: portal_desolation_entry_ruin, nicolae_vaults_tetromino_Z_1,
          nicolae_vaults_network_s, nicolae_vaults_closet_pinwheel_6,
          dpeg_vaults_monster_row, nicolae_vaults_alarming,
          nicolae_vaults_diamond_1, nicolae_vaults_apartment_2, v_misc_16,
          grunt_vaults_hallway_short, nicolae_vaults_double_plus_1,
          vaults_room_grid, vaults_room_fours, layout_vaults_quadrants,
          uniq_nikola, uniq_frederick
Vaults:3: ebering_ghost_inner_flame, hangedman_vaults_restitches,
          nicolae_vaults_oval_intersection, v_alt_pattern_3,
          nicolae_vaults_closet_pinwheel_1, blue_anna_dwarven_crypt,
          nicolae_vaults_little_squares_4, nicolae_vaults_apartment_1,
          layout_vaults_big_room, serial_shops, nicolae_shop_behind_doors
Vaults:4: vaults_mumra_lcd, v_misc_33, v_pattern_3,
          nicolae_vaults_little_squares_4, v_misc_24, st_eye,
          nicolae_vaults_more_shelving_1, nicolae_vaults_big_angled_halls,
          hangedman_vaults_hat, nicolae_vaults_circle_grid_a,
          nicolae_vaults_tangram_1, nicolae_vaults_diamond_1,
          nicolae_vaults_double_plus_1, layout_vaults_maze_snakey
Depths:1: layout_forbidden_donut, grunt_metal_band, rand_demon_pan_entry_7,
          xom_teletrap_fun, nicolae_rejected_hall, uniq_saint_roka
Depths:2: minmay_tile_spiral, layout_long_grid, abyss_entry,
          grunt_pan_entry_in_and_out, hell_entry, serial_sigils_hangedman_etch,
          kb_rosetta
Depths:3: minmay_heptahexagon, layout_gridlike, minmay_misc_feat_tower,
          abyss_entry, hell_entry, reono_crystal_passage,
          infiniplex_staircase_x, uniq_margery
Depths:4: evilmike_zot_entry_argh, layout_gridlike, enter_ziggurat_a,
          minmay_misc_feat_encased, hellmouth_1, pan_entry, horrible_house_mu
Pan:      evilmike_mini_pan_doors, layout_gridlike, pan_blood_fountain,
          nicolae_pan_double_arrow, layout_long_grid, pan_blood_fountain_2,
          reaverb_pan_figure_eight

Skill      XL: |  1  2  3  4  5  6  7  8  9 10 11 12 13 14 15 16 17 18 19 20 21 22 23 24 25 26 |
---------------+-------------------------------------------------------------------------------+-----
Axes           | 2 3 4 5 6 7 9 10 11 12 13 14 15 16 17 18 19 20 | 20.5
Shields        | 4 5 6 8 9 10 12 13 14 15 16 17 18 19 | 19.8
Fighting       | 4 5 6 8 9 10 12 13 14 15 16 17 18 19 20 21 22 23 | 23.9
Armour         | 4 5 6 8 9 10 12 13 14 15 16 17 18 19 20 | 20.2
Invocations    | 5 8 10 12 13 14 16 17 18 19 20 21 | 21.2
Stealth        | 4 8 10 11 12 | 12.3
Throwing       | 2 4 5 6 7 8 9 |  9.9
Dodging        | 2 3 4 5 6 7 |  7.1
Evocations     | 2 4 5 6 7 8 9 |  9.1

Action                     |  1- 3 |  4- 6 |  7- 9 | 10-12 | 13-15 | 16-18 | 19-21 | 22-24 | 25-27 || total
---------------------------+-------+-------+-------+-------+-------+-------+-------+-------+-------++-------
  Melee: War axe           |    85 |   243 |   320 |  1069 |   700 |       |       |       |       ||  2417
         Broad axe         |       |       |       |       |   820 |   123 |       |       |       ||   943
         Labrys            |       |       |       |       |       |  1468 |  1439 |  1607 |   788 ||  5302
  Throw: Dart              |       |       |       |     5 |     4 |       |       |     8 |       ||    17
         Boomerang         |       |       |       |       |     7 |    20 |    19 |       |       ||    46
         Javelin           |       |       |       |       |       |       |       |     2 |     9 ||    11
 Invoke: Heroism           |       |       |     1 |     3 |     9 |     8 |     5 |     4 |     2 ||    32
         Finesse           |       |       |       |       |       |     1 |       |       |       ||     1
  Evoke: Wand              |       |       |       |     1 |     8 |     5 |     5 |     1 |       ||    20
         Phial of floods   |       |       |       |       |     1 |       |     1 |       |       ||     2
         Lightning rod     |       |       |       |       |       |       |     4 |       |       ||     4
         Condenser vane    |       |       |       |       |       |       |       |     1 |       ||     1
    Use: Potion            |       |     2 |       |       |    10 |    21 |     1 |     4 |     4 ||    42
         Scroll            |       |     2 |     6 |       |    12 |     1 |     3 |       |     2 ||    26
   Stab: Petrified         |       |       |       |       |       |     2 |       |       |       ||     2
         Distracted        |       |       |       |       |       |       |       |     1 |     2 ||     3
         Invisible         |       |       |       |       |       |       |       |     3 |       ||     3
 Armour: Ring mail         |    51 |   125 |       |       |       |       |       |       |       ||   176
         Scale mail        |     3 |       |       |       |       |       |       |       |       ||     3
         Plate armour      |       |    81 |   324 |  1462 |  2025 |  1737 |  1088 |   459 |       ||  7176
         Gold dragon scale |       |       |       |       |       |       |       |   204 |   619 ||   823
  Dodge: Dodged            |    42 |   110 |   115 |   456 |   527 |   643 |   365 |   234 |   158 ||  2650
         Repelled          |       |       |       |       |     1 |     4 |    19 |       |       ||    24
  Block: Buckler           |    12 |    62 |    82 |   324 |       |       |       |       |       ||   480
         Kite shield       |       |       |       |   100 |  1315 |  1315 |   854 |    13 |       ||  3597
         Reflection        |       |       |       |       |     7 |    46 |    63 |     3 |       ||   119
         Tower shield      |       |       |       |       |       |       |       |  1309 |   847 ||  2156

Table legend: (Time is in decaauts)
 A = Elapsed time spent in this place.
 B = Non-inter-level travel time spent in this place.
 C = Inter-level travel time spent in this place.
 D = Time resting spent in this place.
 E = Time spent auto-exploring this place.
 F = Levels seen in this place.
 G = Mean time per level.
                   A        B        C        D        E       F      G
               +--------+--------+--------+--------+--------+-----+--------+
         Total |  51738 |  47736 |   4002 |   1514 |  32212 |  50 | 1034.8 |
       Dungeon |  15851 |  14069 |   1782 |     84 |  10044 |  15 | 1056.7 |
        Temple |     36 |      2 |     34 |      0 |      0 |   1 |   36.0 |
          Lair |   4828 |   4257 |    571 |      0 |   3278 |   5 |  965.6 |
        Shoals |   4177 |   4051 |    126 |    254 |   2542 |   4 | 1044.2 |
   Spider Nest |   4888 |   4567 |    321 |      0 |   3707 |   4 | 1222.0 |
  Orcish Mines |   2159 |   1915 |    244 |    333 |    976 |   2 | 1079.5 |
   Elven Halls |   3563 |   3383 |    180 |    164 |   2137 |   3 | 1187.7 |
        Vaults |   5287 |   4675 |    612 |    130 |   3364 |   4 | 1321.8 |
        Depths |   4420 |   4290 |    130 |     88 |   3110 |   4 | 1105.0 |
         Abyss |   2457 |   2457 |      0 |      0 |   1079 |   2 | 1228.5 |
   Pandemonium |    908 |    908 |      0 |      0 |    696 |   2 |  454.0 |
       Ossuary |    234 |    234 |      0 |      0 |    139 |   1 |  234.0 |
        Bailey |    377 |    377 |      0 |      0 |    186 |   1 |  377.0 |
      Ice Cave |   1869 |   1869 |      0 |    459 |    568 |   1 | 1869.0 |
    Desolation |    677 |    677 |      0 |      0 |    383 |   1 |  677.0 |
               +--------+--------+--------+--------+--------+-----+--------+

Top non-repeatable levels by time:
Spider:4: 2013 daAuts
   IceCv: 1869 daAuts
   Elf:3: 1650 daAuts
Vaults:1: 1572 daAuts
    D:11: 1551 daAuts
Vaults:2: 1539 daAuts
 Abyss:3: 1533 daAuts
    D:14: 1520 daAuts
Spider:3: 1478 daAuts
    D:12: 1327 daAuts
    D:13: 1323 daAuts
Shoals:2: 1291 daAuts
Shoals:3: 1241 daAuts
Depths:3: 1214 daAuts
     D:9: 1191 daAuts
